 Dungeon Crawl Stone Soup version 0.16-a0-967-g37ceb3c (webtiles) character file.

23 Ratboiler the Chiller (level 2, -1/11 HPs)
             Began as a Felid Ice Elementalist on Oct 2, 2014.
             Slain by a jackal (2 damage)
             ... on Level 2 of the Dungeon.
             The game lasted 00:03:44 (1125 turns).

Ratboiler the Chiller (Felid Ice Elementalist)      Turns: 1125, Time: 00:03:44

HP  -1/11        AC  1     Str  4      XL: 2   Next: 75%
MP   0/5         EV 18     Int 16      God:
Gold 53          SH  0     Dex 16      Spells:  2 memorised,  2 levels left
Lives: 0, deaths: 0

rFire  . . .     SeeInvis +     (weapon unavailable)
rCold  . . .     Clarity  .     (armour unavailable)
rNeg   . . .     rCorr    .     (shield unavailable)
rPois  .         rRot     .     (helmet unavailable)
rElec  .         Spirit   .     (cloak unavailable)
SustAb .         Warding  .     (gloves unavailable)
rMut   .         Stasis   .     (boots unavailable)
Gourm  .                        (no amulet)
MR     .....                    (no ring)
                                (no ring)

@: quick, not resistant to hostile enchantments, fairly stealthy
A: paw claws, no armour, no weapons or thrown items, fangs 3, see invisible,
carnivore 3, speed 1, shaggy fur 1, slow metabolism 1, jump 1
a: Jump Attack


You were on level 2 of the Dungeon.
You were very full.

You visited 1 branch of the dungeon, and saw 2 of its levels.

You collected 53 gold pieces.

Inventory:

Comestibles
 c - a meat ration
 g - a rotting chunk of hobgoblin flesh
Scrolls
 d - a scroll of recharging {unknown}
 e - 2 scrolls of enchant armour {unknown}
 f - a scroll of noise {unknown}
 h - a scroll of fog {unknown}
Books
 b - a book of Frost

   Spells                             Type                      Level
   *Freeze                            Ice                          1
   *Throw Frost                       Conjuration/Ice              2
   Ozocubu's Armour                   Charms/Ice                   3
   Throw Icicle                       Conjuration/Ice              4
   Summon Ice Beast                   Ice/Summoning                4
   Condensation Shield                Ice                          4


   Skills:
 - Level 2.6 Dodging
 - Level 2.6 Stealth
 - Level 2.0 Spellcasting
 * Level 1.7 Conjurations
 - Level 3.2 Ice Magic


You had 2 spell levels left.
You knew the following spells:

 Your Spells              Type           Power        Failure   Level  Hunger
a - Freeze                Ice            ##..         8%          1    #......
b - Throw Frost           Conj/Ice       #.....       12%         2    ###....


Dungeon Overview and Level Annotations

Branches:
Dungeon (2/15)

Altars:


Innate Abilities, Weirdness & Mutations

You cannot wear armour.
You are incapable of wielding weapons or throwing items.
Your paws have sharp claws.
You have razor-sharp teeth.
You have supernaturally acute eyesight.
You are carnivorous and can eat meat at any time.
You cover ground quickly.
You are covered in fur (AC +1).
You have a slow metabolism.
You can jump attack at a short distance.


Message History

The jackal is heavily wounded.
The jackal barely misses you. The jackal bites you. The jackal misses you.
You closely miss the jackal.
The jackal is heavily wounded.
The jackal bites you. x3
* * * LOW HITPOINT WARNING * * *
You closely miss the jackal.
The jackal is heavily wounded.
The jackal bites you.
* * * LOW HITPOINT WARNING * * *
The jackal misses you. The jackal bites you.
* * * LOW HITPOINT WARNING * * *
You scratch the jackal but do no damage.
The jackal is heavily wounded.
The jackal misses you. x2
You scratch the jackal.
The jackal begins to bleed from its wounds!
The jackal is severely wounded.
The jackal bites you.
You die...

...# #### # # # #
######### ######
#.....[.# .....#
#.#####h# )###.#
#.# #@#
..##h#####.### #h#
..........((.# #.#
####.#####.#(###.#
.....# #.......#
###### ###)##### #
#.# . #.# . #.#


You could see 2 jackals.

Vanquished Creatures
  A giant gecko (D:2)
  A bat (D:1)
  3 hobgoblins (D:1)
  A jackal (D:2)
  6 kobolds
  A ball python (D:1)
  A giant cockroach (D:1)
  A giant newt (D:1)
  4 goblins
  3 rats
22 creatures vanquished.

Notes
Turn   | Place    | Note
--------------------------------------------------------------
     0 | D:1      | Ratboiler, the Felid Ice Elementalist, began the quest for the Orb.
     0 | D:1      | Reached XP level 1. HP: 7/7 MP: 4/4
   182 | D:1      | Reached skill level 3 in Ice Magic
   467 | D:1      | Reached XP level 2. HP: 11/11 MP: 3/5
   471 | D:1      | Learned a level 2 spell: Throw Frost
   670 | D:1      | Reached skill level 1 in Conjurations
  1125 | D:2      | Slain by a jackal

Action                   || total
-------------------------++-------
Melee: Unarmed           ||     8
 Cast: Freeze            ||    23
       Throw Frost       ||     8
  Use: Potion            ||     1
  Eat: Chunk             ||     7
